 Dungeon Crawl Stone Soup version 0.31-a0-145-g046c7d2549 (webtiles) character file.

Game seed: 7627023936901601335

307 qw the Shooter (level 6, -5/52 HPs)
             Began as a Minotaur Hunter on June 7, 2023.
             Slain by Blork the orc
             ... wielding a +1 hand axe of flaming
              (7 damage)
             ... on level 4 of the Dungeon.
             The game lasted 00:01:00 (2445 turns).

qw the Shooter (Minotaur Hunter)                    Turns: 2445, Time: 00:01:01

Health: -5/52      AC:  4    Str: 16    XL:     6   Next: 16%
Magic:  5/5        EV: 12    Int:  6    God:
Gold:   172        SH:  0    Dex: 15    Spells: 5/5 levels left

rFire   . . .        Y - +0 shortbow (freeze)
rCold   . . .        (shield currently unavailable)
rNeg    + . .        j - +0 leather armour {rN+}
rPois   .            (helmet restricted)
rElec   .            h - +0 cloak
rCorr   .            (no gloves)
SInv    .            (no boots)
Will    .....        i - amulet of faith
Stlth   +            (no ring)
HPRegen 0.28/turn    (no ring)
MPRegen 0.09/turn

%: faith
@: no status effects
A: horns 2, retaliatory headbutt
a: no special abilities


You were on level 4 of the Dungeon.
You visited 1 branch of the dungeon, and saw 4 of its levels.

You collected 172 gold pieces.


Innate Abilities, Weirdness & Mutations

You have a pair of horns on your head.
You reflexively headbutt those who attack you in melee.


   Skills:
 - Level 4.0 Fighting
 + Level 7.5 Ranged Weapons
 - Level 1.0 Armour
 - Level 2.1 Dodging
 - Level 0.7 Stealth


You had 5 spell levels left.
You didn't know any spells.
Your spell library was empty.

Inventory:

Hand Weapons
 Y - a +0 shortbow of freezing (weapon)
Armour
 c - a +0 ring mail
 h - a +0 cloak (worn)
 j - a +0 leather armour of positive energy (worn)
Jewellery
 i - an amulet of faith (around neck)
Scrolls
 b - a scroll of identify
Potions
 a - a potion of resistance
 d - a potion of mutation
 e - a potion of heal wounds {unknown}
 l - a potion of attraction {unknown}

Dungeon Overview and Level Annotations

Branches:
Dungeon (4/15)
 Temple: D:4-7

Altars:
Ru

Annotations:
D:3 3 runed translucent doors, qw's ghost, amateur GrFi; qw's ghost, amateur MiHu
D:4 Blork the orc


Message History

Blork the orc comes into view.
He is wielding a +1 hand axe of flaming.
The orc priest closely misses you. You furiously retaliate!
You headbutt the orc priest. You shoot an arrow.
The arrow hits the orc priest but does no damage.
The orc priest is severely wounded.
The orc priest calls down the wrath of Beogh upon you.
Beogh smites you!
You shoot an arrow.
The arrow hits the orc priest but does no damage.
The orc priest is severely wounded.
The orc priest barely misses you.
You shoot an arrow. The arrow hits the orc priest.
The arrow freezes the orc priest.
The orc priest is severely wounded.
Blork the orc mumbles some strange words.
Blork the orc seems to speed up.
The orc priest casts a cantrip, but nothing happens.
You shoot an arrow. The arrow hits the orc priest!
The arrow freezes the orc priest.
You kill the orc priest!
Blork the orc hits you with a +1 hand axe of flaming.
Blork the orc burns you.
You shoot an arrow. The arrow hits Blork the orc.
The arrow freezes Blork the orc.
Blork the orc is moderately wounded.
Blork the orc hits you with a +1 hand axe of flaming.
Blork the orc burns you.
Blork the orc hits you with a +1 hand axe of flaming.
Blork the orc burns you.
You shoot an arrow. The arrow hits Blork the orc.
The arrow freezes Blork the orc.
Blork the orc is moderately wounded.
The orc warrior hits you but does no damage.
Blork the orc hits you with a +1 hand axe of flaming!
Blork the orc burns you.
You shoot an arrow. The arrow barely misses Blork the orc.
The arrow closely misses the orc warrior.
Blork the orc hits you with a +1 hand axe of flaming!
You die... ...# )$# )). #.# ... # #.# ##.#### .# #.# .oo

. .# #.# #o# #..#
#.# #@# ##.# #.#
#.###...####.#####
###.##.#
#...)......
..#....#
#.....#####
#.####.###..####
#.# ##...#.# #.#
####.##.#
#.###.##.##)#
#<)......##.# ###


You could see Blork the orc (fast), an orc warrior and an orc.

Vanquished Creatures
  An orc priest (D:4)
  An iguana (D:4)
  4 orc wizards
  6 adders
  2 worms (D:2)
  5 dart slugs
  6 orcs
  5 endoplasms
  A giant cockroach (D:2)
  7 hobgoblins
  4 jackals
  3 quokkas
  10 ball pythons
  6 bats
  2 frilled lizards (D:2)
  6 goblins
  6 kobolds
  5 rats
80 creatures vanquished.

Notes
Turn   | Place    | Note
-------+----------+-------------------------------------------
     0 | D:1      | qw the Minotaur Hunter began the quest for the Orb.
     0 | D:1      | Reached XP level 1. HP: 18/18 MP: 0/0
     0 | D:1      | 0 ||| qw: Version: 0.2-a-117-gc6b5c8b
     0 | D:1      | 0 ||| qw: Game counter: 2524
     0 | D:1      | 0 ||| qw: Always use a shield: true
     0 | D:1      | 0 ||| qw: God list: Okawaru
     0 | D:1      | 0 ||| qw: Allow faded altars: false
     0 | D:1      | 0 ||| qw: Do Orc after D:15 true
     0 | D:1      | 0 ||| qw: Do second Lair branch before Depths: true
     0 | D:1      | 0 ||| qw: Lair rune preference: random
     0 | D:1      | 0 ||| qw: Plans: Normal
     0 | D:1      | 0 ||| PLANNING D:1-11
   201 | D:1      | Reached XP level 2. HP: 25/25 MP: 1/1
   231 | D:1      | Reached skill level 5 in Ranged Weapons
   415 | D:1      | Reached skill level 3 in Fighting
   501 | D:1      | Reached XP level 3. HP: 31/31 MP: 2/2
   611 | D:1      | 611 ||| UPGRADING to +0 cloak.
   616 | D:1      | 616 ||| UPGRADING to +0 leather armour of positive energy.
   626 | D:1      | 626 ||| DROPPING +0 leather armour.
   627 | D:1      | 627 ||| UPGRADING to amulet of faith.
   632 | D:1      | 632 ||| READING scroll labelled LOTHET NEYBEU.
   633 | D:1      | 633 ||| READING scroll labelled DAERPH FA COU.
   634 | D:1      | 634 ||| READING scroll labelled FATUCEN BOITT.
   635 | D:1      | 635 ||| DROPPING scroll of butterflies.
   709 | D:2      | Found a sacrificial altar of Ru.
   956 | D:2      | Reached skill level 6 in Ranged Weapons
   956 | D:2      | Reached XP level 4. HP: 20/38 MP: 3/3
  1235 | D:2      | Reached skill level 1 in Armour
  1455 | D:2      | 1455 ||| DROPPING amulet of magic regeneration.
  1456 | D:2      | 1456 ||| READING scroll labelled LECESO YNEAPN.
  1457 | D:2      | 1457 ||| READING 3 scrolls labelled HUUMAYS CYACS.
  1458 | D:2      | 1458 ||| READING scroll labelled FIHUAPIDYR.
  1520 | D:2      | 1520 ||| DRINKING 3 purple potions.
  1521 | D:2      | 1521 ||| READING 2 scrolls of identify.
  1521 | D:2      | 1521 ||| IDENTIFYING coppery potion
  1627 | D:3      | Found a runed translucent gate.
  1627 | D:3      | Found a runed translucent gate.
  1630 | D:3      | Found a runed translucent gate.
  1634 | D:3      | Noticed qw's ghost (amateur GrFi)
  1634 | D:3      | Noticed qw's ghost (amateur MiHu)
  1689 | D:3      | 1689 ||| DRINKING 2 potions of curing.
  1689 | D:3      | 1689 ||| (to cure confusion)
  1715 | D:3      | 1715 ||| DRINKING potion of curing.
  1715 | D:3      | 1715 ||| (to cure confusion)
  1719 | D:3      | Reached XP level 5. HP: 27/46 MP: 4/4
  1867 | D:3      | 1867 ||| Stepping ~*~*~tactically~*~*~ (outnumbered).
  1872 | D:3      | 1872 ||| Stepping ~*~*~tactically~*~*~ (outnumbered).
  2218 | D:3      | 2218 ||| READING scroll labelled PYADDO YGAUX.
  2286 | D:3      | 2286 ||| DRINKING 2 lumpy golden potions.
  2287 | D:3      | 2287 ||| READING 2 scrolls of identify.
  2287 | D:3      | 2287 ||| IDENTIFYING amethyst potion
  2288 | D:3      | 2288 ||| DROPPING potion of brilliance.
  2358 | D:4      | Reached skill level 7 in Ranged Weapons
  2434 | D:4      | Reached XP level 6. HP: 52/52 MP: 5/5
  2437 | D:4      | Noticed an orc warrior
  2438 | D:4      | Noticed Blork the orc
  2443 | D:4      | HP: 12/52 [Blork the orc/+1 hand axe of flaming (2)]
  2444 | D:4      | HP: 5/52 [Blork the orc/+1 hand axe of flaming (8)]
  2444 | D:4      | HP: 2/52 [Blork the orc/+1 hand axe of flaming (3)]
  2445 | D:4      | Slain by Blork the orc

Levels and vault maps discovered:
D:1:      minmay_arrival_shattered_statue, layout_loops_ring, minmay_bisected
D:2:      layout_loops_ring, basic_altar, minmay_mini_jars
D:3:      layout_basic, gammafunk_ghost_cemetery
D:4:      layout_loops_ring, guppyfry_early_orc_mine, uniq_natasha,
          uniq_blork_the_orc

Skill      XL: |  1  2  3  4  5 |
---------------+----------------+-----
Ranged Weapons | 5 6 7 |  7.5
Fighting       | 3 4 |  4.0
Armour         | 1 |  1.0
Dodging        | |  2.1
Stealth        | |  0.7

Action                     |  1- 3 |  4- 6 || total
---------------------------+-------+-------++-------
   Fire: Shortbow          |   107 |   126 ||   233
    Use: Scroll            |     3 |     6 ||     9
         Potion            |       |     4 ||     4
 Armour: Leather armour    |    19 |    11 ||    30
  Dodge: Dodged            |    18 |    30 ||    48

Table legend:
 A = Non-vault XP
 B = Vault XP
 C = Vault XP percentage of total XP
 D = Non-vault monster count
 E = Vault monster count
 F = Vault count percentage of total count
                 A         B        C        D         E       F
            +---------+---------+-------+---------+---------+-------
      Total |     315 |     124 |  28.2 |      62 |      18 |  22.5
            +---------+---------+-------+---------+---------+-------
        D:1 |      35 |       9 |  20.5 |      20 |       4 |  16.7
        D:2 |      58 |      30 |  34.1 |      18 |      10 |  35.7
        D:3 |     180 |       0 |   0.0 |      20 |       0 |   0.0
        D:4 |      42 |      85 |  66.9 |       4 |       4 |  50.0
            +---------+---------+-------+---------+---------+-------
